 Dungeon Crawl Stone Soup version 0.29-a0-911-g88e6f02907 (webtiles) character file.

Game seed: 17960542819142579973

455 night the Ducker (level 6, -3/28 HPs)
             Began as a Felid Conjurer on July 25, 2022.
             Slain by an orc priest
             ... wielding a +0 dagger
              (4 damage)
             ... on level 5 of the Dungeon.
             The game lasted 00:09:23 (5038 turns).

night the Ducker (Felid Conjurer)                   Turns: 5038, Time: 00:09:24

Health: -3/28      AC:  2    Str:  3    XL:     6   Next: 76%
Magic:  2/13       EV: 19    Int: 22    God:
Gold:   256        SH:  0    Dex: 14    Spells: 10/13 levels left
                                        Lives:  0   Deaths: 1

rFire   + . .      SeeInvis +   (weapon unavailable)
rCold   + . .      Faith    .   (shield unavailable)
rNeg    . . .      Spirit   .   (body armour unavailable)
rPois   +          Reflect  .   (helmet unavailable)
rElec   +          Harm     .   (cloak unavailable)
rCorr   +          Rampage  .   (gloves unavailable)
Will    .....                   (boots unavailable)
Stlth   ++........              (no amulet)
HPRegen 0.09/turn               (no ring)
MPRegen 0.13/turn               (no ring)

@: resistant, flying, quick
A: very small, claws 1, fangs 3, see invisible, speed 1, shaggy fur 2, stealthy
paws, no weapons or thrown items, no armour, multi-lived
a: no special abilities


You were on level 5 of the Dungeon.
You visited 1 branch of the dungeon, and saw 5 of its levels.

You collected 256 gold pieces.

Inventory:

Jewellery
 a - a ring of ice
Wands
 b - a wand of flame (9)
 s - a wand of roots (8)
Scrolls
 e - a scroll of fear
 j - 3 scrolls of teleportation
 n - 3 scrolls of poison
 p - a scroll of torment
 q - a scroll of identify
 r - a scroll of magic mapping {unknown}
 t - a scroll of vulnerability {unknown}
Potions
 c - a potion of flight
 f - a potion of ambrosia {unknown}
 g - 4 potions of mutation
 h - 2 potions of degeneration {unknown}
 i - a potion of heal wounds {unknown}
 k - 2 potions of lignification {unknown}
 l - 4 potions of curing {unknown}
 m - 2 potions of brilliance {unknown}
 o - a potion of attraction {unknown}


   Skills:
 + Level 3.6 Fighting
 + Level 5.7 Dodging
 - Level 2.6 Stealth
 + Level 4.1 Spellcasting
 + Level 5.1 Conjurations


You had 10 spell levels left.
You knew the following spells:

 Your Spells              Type           Power      Damage    Failure   Level
a - Magic Dart            Conj           100%       1d8       1%          1
b - Searing Ray           Conj           54%        2d6       1%          2

Your spell library contained the following spells:

 Spells                   Type           Power      Damage    Failure   Level
 Dazzling Flash           Conj/Hex       30%        N/A       12%         3
 Blink                    Tloc           8%         N/A       17%         2
 Lesser Beckoning         Tloc           4%         N/A       32%         3
 Fulminant Prism          Conj/Hex       7%         3d7       36%         4
 Iskenderun's Mystic Bla  Conj/Tloc      15%        2d5       36%         4
 Corpse Rot               Necr/Pois/Air  4%         N/A       73%         4
 Dispel Undead            Necr           4%         3d7       73%         4
 Manifold Assault         Tloc           4%         N/A       97%         5
 Death Channel            Necr           2%         N/A       100%        6


Dungeon Overview and Level Annotations

Branches:
Dungeon (5/15)
 Temple: D:4-7

Altars:
Sif Muna
Trog
Uskayaw


Innate Abilities, Weirdness & Mutations

You have sharp claws.
You have razor-sharp teeth.
You have supernaturally acute eyesight. (SInv)
You cover ground quickly. (Speed+)
You are covered in thick fur. (AC +2)
Your paws help you pounce on unaware monsters.
You are incapable of wielding weapons or throwing items.
You cannot wear armour.
You gain extra lives every three experience levels.


Message History

The orc priest is heavily wounded.
The orc priest invokes the aid of Beogh against you.
You resist with significant effort.
You scratch the orc priest.
The orc priest is severely wounded.
The orc priest closely misses you.
You closely miss the orc priest.
The orc priest is severely wounded.
The orc priest completely misses you.
You scratch the orc priest but do no damage.
The orc priest is heavily wounded.
The orc priest closely misses you.
You scratch the orc priest but do no damage.
Your bite misses the orc priest.
The orc priest is heavily wounded.
The orc priest completely misses you.
You scratch the orc priest but do no damage.
You bite the orc priest, but do no damage.
The orc priest is heavily wounded.
The orc priest invokes the aid of Beogh against you.
Pain shoots through your body!
You barely miss the orc priest.
The orc priest is heavily wounded.
The orc priest calls down the wrath of Beogh upon you.
Beogh smites you!
Ouch! That really hurt!
* * * LOW HITPOINT WARNING * * *
You scratch the orc priest but do no damage.
Your bite misses the orc priest.
The orc priest is heavily wounded.
The orc priest hits you with a +0 dagger.
* * * LOW HITPOINT WARNING * * *
It was a potion of flight.
You feel very buoyant.
You fly up into the air.
The orc priest hits you but does no damage.
It was a potion of resistance.
You feel protected.
The orc priest hits you with a +0 dagger.
You die...

....... .
....... ..
......# .#.
....... ...
....... #..
......#
#.#..)##......#
......o@†......
..^............
..##.####.#....
# .# ... # .


You could see an orc priest.

Vanquished Creatures
  A black bear (D:4)
  An ogre (D:4)
  A scorpion (D:5)
  3 orc priests (D:4)
  3 hounds
  2 iguanas
  3 orc wizards
  An adder (D:2)
  An ufetubus (D:5)
  3 worms
  2 dart slugs
  5 orcs
  5 ball pythons
  7 endoplasms
  4 giant cockroaches
  8 goblins
  10 hobgoblins
  3 jackals (D:4)
  9 kobolds
  5 quokkas
  6 bats
  2 frilled lizards
  2 rats (D:2)
87 creatures vanquished.

Notes
Turn   | Place    | Note
-------+----------+-------------------------------------------
     0 | D:1      | night the Felid Conjurer began the quest for the Orb.
     0 | D:1      | Reached XP level 1. HP: 7/7 MP: 4/4
    33 | D:1      | You fall into a shaft and drop 1 floor!
   433 | D:1      | Reached XP level 2. HP: 12/12 MP: 3/6
   657 | D:1      | Learned a level 2 spell: Searing Ray
   821 | D:1      | Reached skill level 1 in Fighting
  1237 | D:2      | Reached XP level 3. HP: 15/15 MP: 0/7
  1978 | D:2      | Reached XP level 4. HP: 19/19 MP: 5/8
  2955 | D:4      | Reached skill level 2 in Fighting
  2957 | D:4      | Reached XP level 5. HP: 6/22 MP: 2/10
  3454 | D:4      | Found a hide-covered altar of Uskayaw.
  3470 | D:4      | Noticed an ogre
  3476 | D:4      | Killed an ogre
  3477 | D:4      | Gained mutation: You are covered in thick fur. (AC +2)
                  | [Felid growth]
  3477 | D:4      | Reached XP level 6. HP: 27/27 MP: 3/12
  3544 | D:4      | HP: 1/27 [orc/+0 war axe (8)]
  3864 | D:4      | Reached skill level 5 in Dodging
  4390 | D:4      | Found a bloodstained altar of Trog.
  4424 | D:4      | Found a shimmering blue altar of Sif Muna.
  4574 | D:4      | Slain by a black bear
  4575 | D:4      | Reached XP level 5. HP: -3/24 MP: 8/11
  4681 | D:4      | Identified the +1 pair of boots of Sijyq {*Corrode rF+
                  | Dex+4}
  4714 | D:4      | Killed a black bear
  4715 | D:4      | Reached XP level 6. HP: 28/28 MP: 8/12
  4867 | D:5      | Entered Level 5 of the Dungeon
  4876 | D:5      | Reached skill level 5 in Conjurations
  5035 | D:5      | HP: 4/28 [orc priest/divine providence (14)]
  5036 | D:5      | HP: 1/28 [orc priest/+0 dagger (3)]
  5038 | D:5      | Slain by an orc priest

Illustrated notes

Levels and vault maps discovered:
D:1:      matt_arrival_refuge, layout_basic, serial_rivers,
          chequers_serial_rivers_large_a, chequers_serial_rivers_micro_b,
          chequers_serial_rivers_micro_d, chequers_serial_rivers_small_a
D:2:      layout_basic
D:3:      minmay_general_purpose_star, layout_rooms,
          corexii_item_surrounded_by_moat
D:4:      cheibrodos_greedy_goblins, layout_loops_ring, led_sif_pool, trog_book,
          mainiacjoe_overflow_cross_hatched
D:5:      layout_rooms, serial_shops, nicolae_stop_n_shop_1, shop, uniq_pikel

Skill      XL: |  1  2  3  4  5  6 |
---------------+-------------------+-----
Dodging        | 3 4 5 |  5.7
Fighting       | 1 2 3 |  3.6
Conjurations   | 4 5 |  5.1
Spellcasting   | 3 4 |  4.1
Stealth        | |  2.6

Action                   |  1- 3 |  4- 6 || total
-------------------------+-------+-------++-------
Melee: Unarmed           |     4 |    45 ||    49
       Bite              |       |     6 ||     6
 Cast: Magic Dart        |    75 |    94 ||   169
       Searing Ray       |     2 |    18 ||    20
Evoke: Wand              |       |     1 ||     1
  Use: Scroll            |       |     7 ||     7
       Potion            |       |     2 ||     2
Armor: Skin              |       |     7 ||     7
Dodge: Dodged            |    11 |    84 ||    95

Table legend: (Time is in decaauts)
 A = Elapsed time spent in this place.
 B = Non-inter-level travel time spent in this place.
 C = Inter-level travel time spent in this place.
 D = Time resting spent in this place.
 E = Time spent auto-exploring this place.
 F = Levels seen in this place.
 G = Mean time per level.
                   A        B        C        D        E       F      G
               +--------+--------+--------+--------+--------+-----+--------+
         Total |   4543 |   4407 |    136 |    929 |   2877 |   5 |  908.6 |
       Dungeon |   4543 |   4407 |    136 |    929 |   2877 |   5 |  908.6 |
               +--------+--------+--------+--------+--------+-----+--------+

Top non-repeatable levels by time:
     D:4: 1912 daAuts
     D:1: 1006 daAuts
     D:2: 957 daAuts
     D:3: 622 daAuts
     D:5: 44 daAuts
